 Dungeon Crawl Stone Soup version 0.23-a0-814-g91b4073 (console) character file.

64 Duffy the Chopper (level 4, 26/42 HPs)
             Began as a Naga Fighter on Jan 21, 2019.
             Quit the game on level 2 of the Dungeon.
             The game lasted 00:01:12 (900 turns).

Duffy the Chopper (Naga Fighter)                     Turns: 900, Time: 00:01:13

Health: 26/42      AC:  4    Str: 18    XL:     4   Next: 12%
Magic:  13/13      EV:  5    Int:  9    God:
Gold:   9          SH:  9    Dex: 11    Spells: 3/3 levels left

rFire    . . .     SeeInvis +   a - +0 war axe
rCold    . . .     Gourm    .   c - +0 shield
rNeg     . . .     Faith    .   b - +0 scale mail
rPois    +         Spirit   .   (no helmet)
rElec    .         Reflect  .   (no cloak)
rCorr    .         Harm     .   (no gloves)
MR       .....                  (no barding)
Stlth    ..........             (no amulet)
HPRegen  0.14/turn              g - ring of magical power
MPRegen  0.13/turn              (no ring)

@: very slow
A: large, see invisible, deformed body, poison resistance, slowness 2, slow
metabolism 1, spit poison 1, AC +1
a: Spit Poison


You were on level 2 of the Dungeon.
You were not hungry.

You visited 1 branch of the dungeon, and saw 3 of its levels.

You collected 9 gold pieces.

Inventory:

Hand Weapons
 a - a +0 war axe (weapon)
Armour
 b - a +0 scale mail (worn)
 c - a +0 shield (worn)
Jewellery
 g - a ring of magical power (left hand)
Scrolls
 e - 2 scrolls of amnesia {unknown}
 k - a scroll of fog {unknown}
 l - a scroll of random uselessness {unknown}
Potions
 d - a potion of might
 i - a potion of curing {unknown}
 j - a potion of mutation {unknown}
 m - a potion of invisibility {unknown}
Comestibles
 f - 2 rations
 h - 9 chunks of flesh


   Skills:
 - Level 3.0 Fighting
 + Level 3.3 Axes
 - Level 2.4 Armour
 + Level 3.3 Shields


You had 3 spell levels left.
You didn't know any spells.
Your spell library was empty.

Dungeon Overview and Level Annotations

Branches:
Dungeon (3/15)

Altars:
Gozag
Uskayaw


Innate Abilities, Weirdness & Mutations

You cannot wear boots.
Your serpentine skin is tough. (AC +1)
You have supernaturally acute eyesight. (SInv)
Armour fits poorly on your strangely shaped body.
Your system is resistant to poisons. (rPois)
You cover ground very slowly.
You have a slow metabolism.
You can spit poison.


Message History

You closely miss the bat. The bat hits you but does no damage.
The dart slug bites you. You block the kobold's attack.
The frilled lizard bites you but does no damage.
The bat hits you but does no damage.
The frilled lizard bites you but does no damage.
The frilled lizard bites you. The kobold barely misses you.
You slash the dart slug!
You kill the dart slug!
You closely miss the bat. You closely miss the kobold.
You miss the frilled lizard. You block the bat's attack.
You block the frilled lizard's attack. The kobold barely misses you.
You block the bat's attack. You block the frilled lizard's attack.
There is an opulent altar of Gozag here.
You see here a dart slug corpse.
You coil in front of the altar of Gozag.
Gozag does not accept service from beggars like you!
The service fee for joining is currently 35 gold; you only have 9.
There are monsters nearby!
There are monsters nearby!
Are you sure you want to abandon this character and quit the game? (Confirm with "yes".)

#.. #.. #.. ###.###
# ##.....## ...
#.#.8...8.#....
#.#......b#....
#.....@.....#
###..Kl...###
#.8...8.#
############.....##
#......>...###.###
#......))......#
#.....)....#####
#<(.)......#
####.#####.#


You could see a bat, a kobold and a frilled lizard.

Vanquished Creatures
  A howler monkey (D:1)
  A worm (D:2)
  A dart slug (D:2)
  2 orcs (D:2)
  A goblin (D:2)
  A hobgoblin (D:2)
  4 jackals (D:2)
  2 kobolds (D:2)
  4 rats
17 creatures vanquished.

Notes
Turn   | Place    | Note
-------+----------+-------------------------------------------
     0 | D:1      | Duffy the Naga Fighter began the quest for the Orb.
     0 | D:1      | Reached XP level 1. HP: 21/21 MP: 1/1
   237 | D:2      | Noticed a howler monkey
   238 | D:2      | Found a hide-covered altar of Uskayaw.
   254 | D:1      | Killed a howler monkey
   254 | D:1      | Reached XP level 2. HP: 5/28 MP: 2/2
   254 | D:1      | Reached XP level 3. HP: 6/34 MP: 3/3
   742 | D:2      | Reached XP level 4. HP: 29/42 MP: 4/4
   891 | D:2      | Found an opulent altar of Gozag.
   900 | D:2      | Quit the game

Vault maps used:
D:1:      onia_arrival_pentagram
D:2:      eat_drink_and_be_merry_uskayaw, grunt_gozag_statues, uniq_jessica
D:3:      marbit_many_paths, portal_sewer_entry_d

Skill      XL: |  1 |
---------------+----+-----
Axes           | 3 |  3.3
Shields        | 3 |  3.3
Fighting       | |  3.0
Armour         | |  2.4

Action                   |  1- 3 |  4- 6 || total
-------------------------+-------+-------++-------
Melee: War axe           |    60 |    13 ||    73
 Abil: Spit Poison       |     3 |       ||     3
Armor: Scale mail        |    42 |     8 ||    50
Dodge: Dodged            |    22 |     4 ||    26
Block: Shield            |    40 |    11 ||    51

Table legend:
 A = Non-vault XP
 B = Vault XP
 C = Vault XP percentage of total XP
 D = Non-vault monster count
 E = Vault monster count
 F = Vault count percentage of total count
                 A         B        C        D         E       F
            +---------+---------+-------+---------+---------+-------
      Total |      92 |       0 |   0.0 |      17 |       0 |   0.0
            +---------+---------+-------+---------+---------+-------
        D:1 |      60 |       0 |   0.0 |       3 |       0 |   0.0
        D:2 |      32 |       0 |   0.0 |      14 |       0 |   0.0
            +---------+---------+-------+---------+---------+-------
